Map: Ulrena

Players

Miltreta - Winner!

  • Race: Terran Terran

A.I. 1 (Medium)

  • Race: Terran Terran

VOD

Have the link to the VOD?

Description

Time

  • Played on: March 2, 2016, 9:49 p.m.
  • Length: 12:43
Show
View Real Time Build Order
Export as new Build Order

Miltreta Terran - Winner!

Build Orders:  

Get SALT Encoding   

  12  0:03  SCV  
  13  0:15  SCV  
  14  0:23  Supply Depot  
  14  0:27  SCV  
  15  0:45  SCV  
  15  0:49  Barracks  
  16  0:57  Supply Depot  
  16  0:59  Refinery  
  16  1:01  SCV  
  17  1:13  SCV  
  18  1:25  SCV, Engineering Bay  
  19  1:34  Refinery  
  19  1:37  SCV  
  20  1:41  Marine  
  21  1:49  SCV  
  22  1:58  Bunker  
  23  2:12  Barracks Reactor  
  22  2:17  Barracks  
  22  2:31  Supply Depot  
  22  2:40  Orbital Command  
  22  2:50  Factory  
  22  2:53  Reaper  
  22  2:54  Marine  
  24  3:12  Marine  
  25  3:18  Barracks Tech Lab  
  25  3:23  SCV  
  25  3:25  Marine  
  27  3:29  Marine  
  28  3:35  SCV  
  29  3:42  Marine  
  29  3:47  Marine  
  31  4:00  Marine  
  31  4:02  Supply Depot  
  32  4:05  Reaper  
  33  4:17  Combat Shields  
  33  4:18  Reaper  
  34  4:37  Reaper  
  35  4:48  Command Center  
  35  4:50  Reaper  
  35  5:07  Marauder  
  37  5:27  Hellion  
  39  5:29  Marauder  
  40  5:48  Hellion  
  42  5:50  Marauder  
  39  6:10  Hellion  
  35  6:11  Marauder  
  38  6:18  SCV  
  38  6:29  Reaper x2  
  38  6:30  SCV  
  43  6:33  Marauder  
  43  6:36  Factory Tech Lab  
  43  6:42  SCV  
  44  6:49  Armory  
  44  6:54  SCV, Marauder  
  44  6:57  Starport  
  47  7:01  Reaper x2  
  47  7:07  SCV  
  50  7:12  Concussive Shells  
  52  7:16  Marauder  
  52  7:25  Refinery  
  52  7:27  Refinery  
  52  7:32  Hellion  
  52  7:33  Reaper x2  
  58  7:37  Marauder  
  58  7:39  Supply Depot  
  58  7:44  Supply Depot  
  58  7:55  Stimpack  
  60  7:58  Hellion  
  58  8:05  Reaper  
  58  8:06  Reaper  
  58  8:07  Siege Tank  
  63  8:22  Planetary Fortress  
  63  8:39  Siege Tank  
  66  9:02  Mag-Field Accelerator  
  66  9:11  Cyclone  
  69  9:18  Medivac  
  71  9:43  Cyclone  
  74  10:04  Marine x2  
  73  10:15  Thor  
  79  10:22  Marine x2  
  81  10:40  Marine x2  
  81  10:57  Marine x2  
  80  11:50  Reaper, Marauder  
  80  11:51  Reaper  
  83  12:11  Marauder  
Show
View Real Time Build Order
Export as new Build Order

A.I. 1 (Medium) Terran 

Build Orders:  

Get SALT Encoding   

  12  0:00  SCV  
  13  0:13  SCV  
  14  0:20  Supply Depot  
  14  0:25  SCV  
  15  0:41  SCV  
  16  0:44  Barracks  
  16  0:48  Refinery  
  16  0:53  SCV  
  17  1:05  SCV  
  18  1:17  Supply Depot  
  18  1:31  Marine  
  18  1:32  Orbital Command  
  19  1:35  Barracks  
  19  1:45  Refinery  
  19  1:49  Barracks Tech Lab  
  19  2:07  Marine  
  20  2:12  Supply Depot  
  20  2:25  Marine  
  20  2:29  Marine  
  22  2:34  SCV  
  23  2:43  Marauder  
  25  2:46  SCV  
  25  2:47  Engineering Bay  
  25  2:49  Marine  
  27  2:58  SCV  
  27  3:00  Supply Depot  
  27  3:04  Marauder  
  30  3:09  Marine  
  30  3:10  SCV  
  32  3:22  SCV  
  32  3:26  Marauder  
  35  3:34  SCV  
  36  5:20  Barracks Tech Lab  
  36  5:21  SCV  
  37  5:23  Factory  
  37  5:26  Factory  
  37  5:27  Missile Turret  
  37  5:29  Missile Turret  
  37  5:30  Supply Depot  
  37  5:31  Command Center  
  37  5:35  Sensor Tower  
  37  5:38  Barracks  
  37  5:50  Bunker  
  37  5:55  Supply Depot  
  37  6:01  Marine  
  35  6:09  Factory Tech Lab, Starport  
  35  6:10  Factory Tech Lab  
  27  6:12  Marine, Armory  
  27  6:24  Marine  
  27  6:25  Barracks Reactor  
  28  6:36  Marauder  
  30  6:43  SCV, Missile Turret  
  30  6:46  SCV  
  30  6:47  Marine  
  33  6:55  SCV  
  33  6:56  Starport Tech Lab, Missile Turret  
  33  6:57  Refinery  
  33  6:58  SCV, Marine  
  36  7:07  SCV  
  37  7:10  SCV, Marine  
  37  7:14  Raven  
  41  7:16  Bunker  
  41  7:19  SCV  
  41  7:22  SCV, Marauder  
  45  7:31  SCV  
  45  7:33  Siege Tank  
  45  7:34  SCV  
  50  7:44  SCV, Widow Mine  
  51  7:46  SCV  
  54  7:55  Refinery  
  54  7:56  SCV  
  54  7:57  Raven  
  57  7:58  SCV  
  57  8:05  Siege Tank  
  61  8:08  SCV  
  61  8:11  SCV  
  61  8:12  Widow Mine  
  65  8:20  SCV  
  65  8:23  SCV  
  67  8:32  SCV  
  68  8:35  SCV  
  68  8:39  Supply Depot  
  69  8:44  SCV  
  69  8:47  SCV  
  71  9:45  Medivac  
  71  9:46  Stimpack, Marine, Combat Shields  
  71  9:47  Terran Infantry Weapons Level 1  
  71  9:48  Starport  
  71  9:51  Supply Depot, Marine  
  75  9:56  Command Center, Ghost Academy, Marine  
  76  10:01  Marine, Fusion Core  
  76  10:06  Marauder, Engineering Bay  
  75  10:11  Marauder  
  75  10:12  Armory  
  68  10:15  Medivac  
  68  10:16  Marine  
  71  10:21  Marine  
  71  10:24  Starport Reactor  
  71  10:27  Marine  
  66  10:32  Terran Infantry Armor Level 1, Marine  
  67  10:36  Marine  
  67  10:41  Marine  
  60  10:45  Raven  
  60  10:46  Ghost  
  60  10:48  Starport Reactor  
  61  10:52  Marauder  
  60  10:57  Marine  
  60  11:02  Marine  
  57  11:05  Concussive Shells  
  57  11:08  SCV  
  52  11:11  SCV, Refinery  
  52  11:13  Marine  
  52  11:15  Marauder  
  52  11:17  Marine  
  45  11:20  SCV  
  45  11:23  SCV, Marine  
  36  11:28  Raven  
  36  11:31  Marauder  
  36  11:32  SCV  
  32  11:35  SCV  
  32  11:36  Marine  
  24  11:40  Hellion  
  24  11:44  SCV  
  23  11:47  SCV  
  23  11:53  Marauder, Marine  
  22  11:56  SCV  
  22  12:00  SCV  
  21  12:01  Hellion  
  21  12:06  Marine  
  17  12:08  SCV  
  17  12:12  SCV  
  21  12:20  SCV, Marine  
  17  12:24  SCV  
  14  12:31  Command Center  
Tags
 
Matchup
TvT
Race
Terran
Add a new tag
Caveats
  • Supply blocks, unpowered buildings, or Contaminate may cause inaccurate times.
  • Supply counts are checked every 10 seconds.